AoeStats
← ThebigH19891412

Arena

510050401Analyzed
1v1 RM · 3d ago on Sep 29, 2026· 51m 55s· 2 players
Game mode
Random Map
Map size
Tiny (2 player)
Population
200
Speed
Normal
Resources
Standard
Victory
Conquest
Starting age
Dark Age
Ending age
Imperial Age
RankedLock teamsTeams togetherTeam positionsShared explorationLock speedFull tech treeHidden civsTurbo modeCheats
Victory
Defeat
🇹🇷 Bohemians · Türkiye
935
+3
🇦🇺 Vietnamese · Australia
513
-3
ThebigH19891412
0:33 Loom
13:03 Feudal Age
17:42 Castle Age
16:16 Stone Mining
16:18 Gold Mining
16:56 Town Watch
19:54 Wheelbarrow
25:58 Bloodlines
26:08 Double-Bit Axe
26:09 Horse Collar
29:47 Husbandry
30:15 Bow Saw
30:11 Heavy Plow
31:10 Stone Shaft Mining
32:01 Chatras
33:42 Fortified Wall
33:45 Masonry
33:57 Ballistics
33:34 Murder Holes
33:54 Forging
33:46 Scale Mail Armor
33:58 Padded Archer Armor
33:58 Fletching
34:39 Scale Barding Armor
35:11 Iron Casting
35:32 Chain Mail Armor
35:44 Hand Cart
35:33 Town Patrol
39:24 Imperial Age
37:10 Bodkin Arrow
37:32 Leather Archer Armor
37:46 Thumb Ring
37:33 Arson
37:53 Squires
37:34 Pikeman
38:08 Light Cavalry
39:47 Chain Barding Armor
39:28 Elite Rattan Archer
40:31 Paper Money
40:40 Bracer
41:13 Plate Mail Armor
40:20 Elite Skirmisher
40:26 Halberdier
41:22 Arrowslits
42:18 Crop Rotation
42:54 Two-Man Saw
43:32 Ring Archer Armor
43:39 Plate Barding Armor
43:53 Hoardings
44:20 Cavalier
45:27 Imperial Skirmisher
48:42 Chemistry
47:53 Siege Engineers
48:32 Crossbowman
TidierCast1585
12:35 Feudal Age
10:51 Loom
18:01 Castle Age
16:45 Horse Collar
25:00 Double-Bit Axe
32:27 Imperial Age
32:51 Elite Hussite Wagon
33:45 Wagenburg Tactics
34:04 Conscription
34:28 Scale Mail Armor
35:02 Siege Engineers
37:03 Chemistry
37:43 Wheelbarrow
37:23 Bow Saw
37:41 Ballistics
37:33 Masonry
39:08 Two-Man Saw
38:13 Heavy Plow
37:42 Pikeman
39:48 Halberdier
40:47 Forging
40:53 Chain Mail Armor
43:37 Iron Casting
43:33 Plate Mail Armor
50:24 Town Watch
50:57 Hand Cart
52:27 Town Patrol
Connection lost

Rejoining the realm…

Still unreachable

The connection could not be restored.

Session expired

The server has moved on; the page needs a fresh start.